 Dungeon Crawl Stone Soup version 0.30-a0-639-g3916f1956a (webtiles) character file.

Game seed: 1591242723068746042

388645 Lobster4 the Merry Minotaur (level 22, -7/205 HPs)
             Began as a Minotaur Hunter on Jan 16, 2023.
             Was the Champion of Hepliaklqana.
             Mangled by an ettin
             ... wielding a +0 dire flail
              (27 damage)
             ... on level 5 of the Vaults.
             The game lasted 02:20:41 (47199 turns).

Lobster4 the Merry Minotaur (Minotaur Hunter)      Turns: 47199, Time: 02:20:42

Health: -7/205     AC: 22    Str: 19    XL:     22   Next: 5%
Magic:  30/30      EV: 19    Int: 10    God:    Hepliaklqana [******]
Gold:   5260       SH:  5    Dex: 31    Spells: 30/33 levels left

rFire   + + .      SeeInvis +    a - +5 arbalest (freeze)
rCold   + . .      Faith    .    (shield currently unavailable)
rNeg    . . .      Spirit   .    e - +0 fire dragon scales
rPois   .          Reflect  +    m - +2 hat
rElec   +          Harm     .    N - scarf {rC+ rF+}
rCorr   .          Rampage  .    T - +2 pair of gloves {Dex+3}
Will    +....                    D - +2 pair of boots
Stlth   +                        B - amulet of reflection
HPRegen 0.54/turn                h - ring of Xaunwebo {Int+4 Dex+6 SInv}
MPRegen 0.22/turn                k - ring "Ahiuby" {Ice rElec Slay+3}

@: corroded, studying Maces & Flails
A: reduced essence, horns 2, retaliatory headbutt
}: 2/15 runes: serpentine, barnacled
a: Renounce Religion, Recall Ancestor, Ancestor Identity, Transference, Idealise


You were on level 5 of the Vaults.
You worshipped Hepliaklqana.
Hepliaklqana was exalted by your worship.
You visited 9 branches of the dungeon, and saw 41 of its levels.
You also visited: Bailey, Gauntlet, Ice Cave and Wizlab.

You collected 6908 gold pieces.
You spent 1648 gold pieces at shops.

Inventory:

Hand Weapons
 a - a +5 arbalest of freezing (weapon)
 b - the +5 great sword "Paxolam" {speed, *Noise rF+ Int+4 Dex+8}
   (You bought it in a shop on level 1 of the Orcish Mines)

   Int:       It affects your intelligence (+4).
   Dex:       It affects your dexterity (+8).
   rF:        It protects you from fire.
   *Noise:    It may make noises in combat.
 f - a +3 longbow
 K - a +4 heavy triple crossbow
Armour
 e - +0 fire dragon scales (worn)
 m - a +2 hat (worn)
 D - a +2 pair of boots (worn)
 J - a +1 cloak of poison resistance
 N - a scarf of resistance (worn)
 S - the +1 cloak of the Spider Nest {Fly Regen+ Str-3}
   (You bought it in a shop on level 10 of the Dungeon)

   Str:       It affects your strength (-3).
   Fly:       It grants you flight.
   Regen:     It increases your rate of health regeneration.
 T - a +2 pair of gloves of dexterity (worn)
Jewellery
 h - the ring of Xaunwebo (left hand) {Int+4 Dex+6 SInv}
   (You took it off a minotaur in a Gauntlet)

   [ring of dexterity]

   Int:       It affects your intelligence (+4).
   Dex:       It affects your dexterity (+6).
   SInv:      It lets you see invisible.
 j - the amulet of the Harvest {Regen+ Dex+5 Stlth+}
   (You acquired it in an ice cave)

   [amulet of regeneration]

   Dex:       It affects your dexterity (+5).
   Regen:     It increases your rate of health regeneration.
   Stlth:     It makes you more stealthy.
 k - the ring "Ahiuby" (right hand) {Ice rElec Slay+3}
   (You bought it in a shop on level 13 of the Dungeon)

   [ring of ice]

   It enhances your ice magic.
   Slay:      It affects your accuracy & damage with ranged weapons and melee
   (+3).
   rF:        It makes you vulnerable to fire.
   rC:        It protects you from cold.
   rElec:     It insulates you from electricity.
 l - a ring of willpower
 n - a ring of poison resistance
 o - the ring of Voeh {*Slow rC++ rCorr Str+2 Stlth+}
   (You found it on level 4 of the Shoals)

   [ring of resist corrosion]

   Str:       It affects your strength (+2).
   rC:        It greatly protects you from cold.
   rCorr:     It protects you from acid and corrosion.
   *Slow:     It may slow you when you take damage.
   Stlth:     It makes you more stealthy.
 B - an amulet of reflection (around neck)
 G - the ring of Qusio {rF+ Stlth+}
   (You found it on level 4 of the Shoals)

   [ring of protection from fire]

   rF:        It protects you from fire.
   Stlth:     It makes you more stealthy.
Wands
 y - a wand of mindburst (30)
 A - a wand of iceblast (24)
 E - a wand of digging (18)
 U - a wand of quicksilver (13)
Scrolls
 g - 6 scrolls of magic mapping
 p - 3 scrolls of enchant armour
 r - 10 scrolls of fear
 t - a scroll of fog
 v - 3 scrolls of butterflies
 w - 3 scrolls of enchant weapon
 z - 15 scrolls of teleportation
 F - a scroll of immolation
 P - 3 scrolls of silence
 X - 8 scrolls of poison
 Z - 3 scrolls of blinking
Potions
 c - 4 potions of heal wounds
 d - 10 potions of curing
 i - a potion of cancellation
 q - 4 potions of resistance
 s - 7 potions of lignification
 u - 4 potions of ambrosia
 x - 4 potions of berserk rage
 C - 9 potions of flight
 I - 8 potions of haste
 Q - 8 potions of might
 R - 4 potions of invisibility
Miscellaneous
 H - a box of beasts
 O - a condenser vane
 V - a tin of tremorstones (2/2)
 Y - a phantom mirror (inert)


   Skills:
 + Level 25.7 Fighting
 - Level 1.0(2.9) Short Blades
 - Level 4.9(5.0) Long Blades
 O Level 27 Ranged Weapons
 + Level 22.2 Armour
 - Level 10.0 Dodging
 - Level 1.0 Stealth
 - Level 6.0 Spellcasting
 - Level 6.0 Ice Magic
 - Level 7.0 Invocations
 - Level 3.0 Evocations


You had 30 spell levels left.
You knew the following spells:

 Your Spells              Type           Power      Damage    Failure   Level
a - Frozen Ramparts       Ice            44%        1d7       11%         3

Your spell library contained the following spells:

 Spells                   Type           Power      Damage    Failure   Level
 Freeze                   Ice            88%        1d9       3%          1
 Hailstorm                Conj/Ice       13%        3d5       36%         3
 Apportation              Tloc           6%         N/A       38%         1
 Beastly Appendage        Tmut           6%         N/A       38%         1
 Kiss of Death            Conj/Necr      12%        2d6       38%         1
 Magic Dart               Conj           12%        1d3       38%         1
 Necrotise                Necr           12%        1d4       38%         1
 Summon Small Mammal      Summ           12%        N/A       38%         1
 Lesser Beckoning         Tloc           6%         N/A       54%         2
 Scorch                   Fire           6%         2d5       54%         2
 Searing Ray              Conj           6%         2d4       54%         2
 Static Discharge         Conj/Air       6%         2-3/arc   54%         2
 Sublimation of Blood     Necr           3%         N/A       54%         2
 Wereblood                Tmut           3%         N/A       54%         2
 Call Canine Familiar     Summ           3%         N/A       77%         3
 Confusing Touch          Hex            3%         N/A       77%         3
 Gell's Gravitas          Tloc           3%         N/A       77%         3
 Ignite Poison            Fire/Tmut/Pois 3%         N/A       77%         3
 Inner Flame              Hex/Fire       3%         N/A       77%         3
 Kindle Blastsparks       Fire/Tloc/Air  6%         2d10      77%         3
 Spider Form              Tmut/Pois      3%         N/A       77%         3
 Stone Arrow              Conj/Erth      6%         3d7       77%         3
 Summon Guardian Golem    Hex/Summ       3%         N/A       77%         3
 Teleport Other           Tloc           3%         N/A       77%         3
 Vhi's Electric Charge    Tloc/Air       6%         N/A       77%         3
 Ice Form                 Ice/Tmut       13%        N/A       77%         4
 Animate Armour           Summ/Erth      6%         N/A       99%         4
 Animate Dead             Necr           3%         N/A       99%         4
 Cause Fear               Hex            1%         N/A       99%         4
 Dispel Undead            Necr           3%         3d7       99%         4
 Flame Wave               Conj/Fire      3%         2d5       99%         4
 Fulminant Prism          Conj/Hex       1%         3d5       99%         4
 Leda's Liquefaction      Hex/Erth       1%         N/A       99%         4
 Petrify                  Tmut/Erth      3%         N/A       99%         4
 Sticky Flame             Conj/Fire      3%         2d3       99%         4
 Freezing Cloud           Conj/Ice/Air   5%         6-21      99%         5
 Alistair's Intoxication  Tmut/Pois      2%         N/A       100%        5
 Blade Hands              Tmut           1%         N/A       100%        5
 Borgnjor's Vile Clutch   Necr/Erth      1%         N/A       100%        5
 Irradiate                Conj/Tmut      1%         3d12      100%        5
 Lee's Rapid Deconstruct  Erth           1%         3d4*      100%        5
 Summon Forest            Summ/Tloc      1%         N/A       100%        5
 Conjure Ball Lightning   Conj/Air       1%         3x3d6     100%        6
 Death Channel            Necr           1%         N/A       100%        6
 Eringya's Noxious Bog    Tmut/Pois      1%         N/A       100%        6
 Iron Shot                Conj/Erth      1%         9d1       100%        6
 Simulacrum               Ice/Necr       6%         N/A       100%        6
 Statue Form              Tmut/Erth      2%         N/A       100%        6
 Summon Cactus Giant      Summ           1%         N/A       100%        6
 Dragon Form              Tmut           1%         N/A       100%        7
 Monstrous Menagerie      Summ           1%         N/A       100%        7
 Orb of Destruction       Conj           1%         9d5       100%        7
 Spellforged Servitor     Conj/Summ      1%         N/A       100%        7
 Summon Hydra             Summ           1%         N/A       100%        7
 Borgnjor's Revivificati  Necr           1%         N/A       100%        8
 Discord                  Hex            1%         N/A       100%        8
 Ignition                 Fire           1%         3d3       100%        8
 Lehudib's Crystal Spear  Conj/Erth      1%         10d2      100%        8
 Necromutation            Tmut/Necr      1%         N/A       100%        8
 Chain Lightning          Conj/Air       1%         3d2       100%        9
 Death's Door             Necr           1%         N/A       100%        9
 Fire Storm               Conj/Fire      1%         8d1       100%        9
 Shatter                  Erth           1%         3d6*      100%        9


Dungeon Overview and Level Annotations

Branches:
Dungeon (15/15)            Temple (1/1) D:4            Lair (5/5) D:8
 Shoals (4/4) Lair:2        Snake (4/4) Lair:3        Slime (0/5) Lair:5
    Orc (2/2) D:11            Elf (3/3) Orc:2        Vaults (5/5) D:14
  Crypt (0/3) Vaults:2     Depths (2/4) D:15         Bailey (visited)
  IceCv (visited)          WizLab (visited)         Gauntlet (visited)

Altars:
Ashenzari
Cheibriados
Dithmenos
Elyvilon
Fedhas
Gozag
Hepliaklqana
Kikubaaqudgha
Makhleb
Nemelex Xobeh
Okawaru
Qazlal
Ru
Sif Muna
Trog
Uskayaw
Vehumet
Wu Jian
Xom
Yredelemnul
Zin
The Shining One

Shops:
D:10 [   D:13 =   Orc:1 (   Orc:2 (*[(   Elf:1 ?   Elf:3 ?   Shoals:2 (
Snake:1 !*=*(   Vaults:1 ?   Vaults:2 :   Vaults:3 *   Vaults:4 ?
Depths:1 :=:

Portals:
Hell: Depths:1
Abyss: Depths:1
Ziggurat: Depths:1

Annotations:
Shoals:3 2 transporters, exclusion: orange crystal statue
Elf:1 9 runed translucent doors, Zonian's ghost, adept VSBr
Elf:2 3 runed translucent doors
Vaults:1 Zenata


Innate Abilities, Weirdness & Mutations

Your life essence is reduced to manifest your ancestor. (-10% HP)
You have a pair of horns on your head.
You reflexively headbutt those who attack you in melee.


Message History

You feel a bit more experienced.
An ettin comes into view. It is wielding two +0 dire flails.
Your life force feels restored.
Fire: a) +5 arbalest (freeze)
Press: ? - help, Q - select action, (/) - cycle Shift-Dir - straight line, f/p - titan
Aim: a titan (lightly wounded, ally target, 92% to hit)
You shoot a bolt. Izel avoids your attack.
The bolt hits the titan!!
The bolt freezes the titan.
The titan is moderately wounded.
You hear a shout!
Izel hits the titan with a +0 broad axe of flaming!
Izel burns the titan.
Fire: a) +5 arbalest (freeze)
Press: ? - help, Q - select action, (/) - cycle Shift-Dir - straight line, f/p - titan
Aim: a titan (moderately wounded, ally target, 92% to hit)
You shoot a bolt. The bolt hits the ettin!
The bolt freezes the ettin.
The ettin is lightly wounded.
Izel hits the titan with a +0 broad axe of flaming!
Izel burns the titan.
Fire: a) +5 arbalest (freeze)
Press: ? - help, Q - select action, (/) - cycle Shift-Dir - straight line, f/p - titan
Aim: a titan (heavily wounded, ally target, 92% to hit)
You shoot a bolt. The bolt hits the titan!
The bolt freezes the titan.
The titan is severely wounded.
Izel hits the titan with a +0 broad axe of flaming.
Izel burns the titan.
Izel blocks the titan's attack.
The ettin closely misses you.
The ettin hits you with a +0 dire flail!
* * * LOW HITPOINT WARNING * * *
Izel hits the titan with a +0 broad axe of flaming.
Izel burns the titan.
Fire: a) +5 arbalest (freeze)
Press: ? - help, Q - select action, (/) - cycle Shift-Dir - straight line, f/p - titan
Aim: a titan (severely wounded, not watching you, ally target, 92% to hit)
You shoot a bolt. The bolt hits the titan!!
The bolt freezes the titan!
You kill the titan!
The ettin completely misses you. The ettin barely misses you.
The ettin hits you but does no damage.
The ettin hits you with a +0 dire flail!!
You die...

...#...# .#
......# .#
.#...#..#
..R.#..#
...#..#
.....#
#######....#
.......@C..#
...........#
############


You could see the friendly Izel the knight (fast, reflecting) and an ettin (ally
target).

Vanquished Creatures
  A dread lich (Vaults:5)
  An ancient lich (WizLab)
  Nikola (Vaults:1)
  A lich (Vaults:5)
  A deep elf master archer (Elf:3)
  A deep elf blademaster (Elf:3)
  A titan (Vaults:5)
  An ancient champion (WizLab)
  2 sphinxes
  Donald (Elf:3)
  3 nagarajas
  The ghost of Cuomazycy the Warrior, an adept FoWn of Uskayaw (Shoals:3)
  2 tengu reavers
  A fire giant (Depths:1)
  A deep elf sorcerer (Elf:3)
  7 vault wardens
  Aizul (Snake:1)
  A deep elf elementalist (Elf:3)
  2 orc warlords
  8 ironbound preservers
  A stone giant (Depths:1)
  5 war gargoyles
  5 very ugly things
  5 ironbound thunderhulks
  A reaper (IceCv)
  5 deep elf demonologists
  Nessos (Orc:2)
  17 dire elephants
  A minotaur (Gauntlet)
  10 deep elf annihilators (Elf:3)
  Snorg (D:13)
  2 deep elf death magi (Elf:3)
  6 merfolk impalers
  4 merfolk javelineers
  9 yaktaur captains
  5 ettins
  An entropy weaver (shapeshifter) (Elf:1)
  A fire dragon (D:12)
  3 deep elf high priests
  4 entropy weavers
  3 great orbs of eyes
  26 vault guards
  8 centaur warriors
  2 merfolk avatars
  3 salamander tyrants (Snake:4)
  4 hydras
  2 ice dragons
  2 rakshasas
  3 peacekeepers
  A catoblepas (D:13)
  17 anacondas
  3 ogre magi
  4 boulder beetles
  12 ironbound frosthearts
  9 two-headed ogres
  16 dancing weapons
  4 merfolk aquamancers
  A death yak (Lair:5)
  4 tengu warriors
  3 deep troll earth magi
  3 satyrs
  24 naga warriors
  7 orc high priests
  A shock serpent (shapeshifter) (Elf:1)
  6 shock serpents
  17 naga sharpshooters
  4 hell knights
  4 deep elf knights (Elf:1)
  5 salamander mystics
  13 skeletal warriors
  3 spectral death yaks (Lair:5)
  2 storm dragon skeletons (Depths:1)
  13 sea snakes
  A spectral anaconda (Lair:5)
  A glowing orange brain (Depths:1)
  A flayed ghost (Vaults:5)
  6 naga ritualists
  An obsidian statue (Lair:5)
  17 ironbound convokers
  9 harpies
  25 deep trolls
  6 deep elf archers
  16 deep elf pyromancers
  A wizard (Vaults:2)
  Pikel (D:6)
  7 large abominations (Depths:1)
  8 mana vipers
  A harpy (shapeshifter) (D:10)
  9 necromancers
  10 orc knights
  A frost giant zombie (Depths:1)
  4 fauns (Shoals:2)
  15 deep elf zephyrmancers
  15 ugly things
  25 salamanders
  2 oklob plants (Shoals:4)
  4 spectral merfolk (Shoals:3)
  3 cyclopes
  5 orc sorcerers
  A wolf spider (D:15)
  15 manticores
  8 water nymphs
  11 merfolk sirens
  Maurice (Orc:1)
  10 elephants
  14 vault sentinels
  7 guardian serpents
  3 molten gargoyles (D:12)
  34 black mambas
  10 naga magi
  A spectral sea snake (Shoals:3)
  2 ice statues (IceCv)
  9 cane toads
  2 dire elephant skeletons (Lair:5)
  An efreet (D:15)
  10 komodo dragons
  3 unseen horrors (Depths:1)
  13 yaktaurs
  3 ice devils (IceCv)
  2 tengu conjurers
  2 kobold demonologists
  6 rime drakes
  A queen bee (shapeshifter) (D:15)
  A spectral water nymph (Shoals:3)
  2 spriggan skeletons (Depths:1)
  22 merfolk
  A polar bear (Lair:3)
  A spectral harpy (Shoals:3)
  Prince Ribbit (D:7)
  14 blink frogs
  8 wind drakes
  2 spectral elephants (Lair:5)
  3 dream sheep (Shoals:3)
  43 slime creatures
  2 spectral wind drakes (Shoals:3)
  10 snapping turtles
  2 wyverns
  2 air elementals
  10 water elementals
  3 humans (Bailey)
  5 vampires
  A dire elephant simulacrum (IceCv)
  8 wraiths
  32 yaks
  4 fire elementals
  A basilisk (D:14)
  A steam dragon (Shoals:1)
  3 death yak simulacra (IceCv)
  A redback (Vaults:4)
  2 vampire mosquitoes (D:13)
  Menkaure (D:7)
  A sea snake simulacrum (Shoals:3)
  A spectral cane toad (Lair:5)
  2 wargs
  A tengu zombie (Depths:1)
  A hydra simulacrum (IceCv)
  A harpy simulacrum (IceCv)
  14 water moccasins
  50 nagas
  A two-headed ogre zombie (WizLab)
  2 acid dragons
  A black bear (D:6)
  21 orc warriors
  4 elephant zombies (Lair:5)
  An ice beast (D:5)
  5 ogres
  A sky beast (D:7)
  4 small abominations (Depths:1)
  26 wolves
  2 boggarts (Vaults:3)
  8 centaurs
  2 elephant skeletons (Lair:5)
  3 lemures
  5 phantoms
  11 bullfrogs
  A necrophage (D:7)
  A gnoll sergeant (D:8)
  4 scorpions
  2 cane toad simulacra (Lair:5)
  3 earth elementals
  5 wights
  6 killer bees
  5 troll zombies (WizLab)
  4 elephant simulacra
  A howler monkey (D:6)
  3 jellies
  23 orc priests
  An iguana (D:5)
  8 orc wizards
  2 polar bear simulacra (IceCv)
  2 spriggan simulacra (IceCv)
  3 troll simulacra (IceCv)
  4 ogre zombies (WizLab)
  12 gnolls
  11 adders
  3 naga simulacra (IceCv)
  12 white imps
  2 ufetubi
  2 worms
  9 dart slugs
  65 orcs
  5 bats
  A bat skeleton (D:2)
  6 endoplasms
  5 giant cockroaches
  5 goblins
  6 hobgoblins
  7 jackals
  3 quokkas
  5 ball pythons
  A ball python zombie (D:2)
  3 frilled lizards (D:3)
  9 kobolds
  A quokka zombie (D:2)
  4 rats
  3 tentacles (Shoals:3)
1329 creatures vanquished.

Vanquished Creatures (collateral kills)
  A tentacled monstrosity (Vaults:5)
  A deep elf blademaster (Elf:3)
  2 krakens (Shoals:3)
  An ancient champion (WizLab)
  Roxanne (Elf:2)
  4 vault wardens
  An orc warlord (Vaults:3)
  2 deep elf elementalists (Elf:3)
  2 very ugly things
  A war gargoyle (Vaults:3)
  An ironbound thunderhulk (Vaults:1)
  6 ironbound preservers
  4 dire elephants
  A deep elf death mage (Elf:3)
  Josephine (D:13)
  2 entropy weavers
  A merfolk javelineer (Shoals:4)
  2 yaktaur captains
  A fire dragon (D:15)
  Fannar (D:11)
  2 deep elf high priests
  7 vault guards
  2 centaur warriors (Vaults:2)
  2 ironbound frosthearts
  A salamander tyrant (Snake:4)
  2 catoblepae
  2 naga warriors
  2 dancing weapons (Elf:2)
  A two-headed ogre (D:11)
  A deep troll shaman (Depths:2)
  3 naga sharpshooters
  A shock serpent (Snake:4)
  A deep elf knight (Elf:2)
  A salamander mystic (Snake:2)
  8 deep trolls
  3 sea snakes
  A naga ritualist (Snake:1)
  A deep elf archer (Elf:3)
  7 orc knights
  A harpy (Vaults:1)
  An ironbound convoker (Vaults:2)
  2 deep elf pyromancers (Elf:3)
  A fire giant zombie (Depths:1)
  A cyclops (Orc:2)
  A manticore (Shoals:2)
  A fire giant skeleton (Depths:1)
  3 water nymphs
  An elephant (Lair:5)
  10 black mambas
  2 guardian serpents (Snake:3)
  3 vault sentinels
  A naga mage (Snake:2)
  A molten gargoyle (D:12)
  A gargoyle (D:11)
  A kobold demonologist (D:11)
  6 yaktaurs
  3 ice devils (IceCv)
  A komodo dragon (Lair:2)
  2 trolls
  6 merfolk
  2 wind drakes
  A spectral elephant (Lair:5)
  A hornet (D:8)
  A dream sheep (Shoals:3)
  2 snapping turtles
  12 slime creatures
  A vampire (WizLab)
  2 humans (Bailey)
  11 yaks
  A wraith (D:9)
  2 basilisks
  A steam dragon (Shoals:1)
  A death yak simulacrum (Lair:5)
  A merfolk simulacrum (Shoals:3)
  A large abomination (Depths:1)
  3 two-headed ogre zombies (WizLab)
  2 water moccasins
  10 nagas
  10 orc warriors
  2 ice beasts
  A boggart (Vaults:3)
  An ogre (Orc:1)
  A centaur (Lair:2)
  3 wolves (Lair:1)
  A lemure (D:6)
  2 kobold brigands
  A gnoll sergeant (D:8)
  6 bullfrogs (Bailey)
  An earth elemental (Elf:1)
  A two-headed ogre simulacrum (IceCv)
  An elephant simulacrum (Lair:5)
  3 killer bees
  4 troll zombies (WizLab)
  4 orc priests
  4 orc wizards
  An ogre zombie (WizLab)
  3 gnolls (D:8)
  4 white imps
  11 orcs
  3 goblins
  3 hobgoblins (Bailey)
  3 kobolds
262 creatures vanquished.

Vanquished Creatures (others)
  A deep elf master archer (Elf:3)
  A stone giant (Vaults:2)
  A merfolk javelineer (Shoals:4)
  2 yaktaur captains
  A deep elf knight (Elf:3)
  A deep troll (Vaults:1)
  A deep elf archer (Elf:3)
  3 yaktaurs
  An orc priest (Elf:1)
  2 orc wizards
  28 knights
  4 ancestors
  An orc (Elf:1)
  12 fungi
  32 plants
  6 tentacles (Shoals:3)
  27 withered plants
124 creatures vanquished.

Grand Total: 1715 creatures vanquished

Notes
Turn   | Place    | Note
-------+----------+-------------------------------------------
     0 | D:1      | Lobster4 the Minotaur Hunter began the quest for the Orb.
     0 | D:1      | Reached XP level 1. HP: 18/18 MP: 0/0
    64 | D:1      | Reached skill level 1 in Stealth
    64 | D:1      | Reached XP level 2. HP: 19/25 MP: 1/1
    82 | D:1      | Reached skill level 1 in Armour
   223 | D:1      | Found a faded altar of an unknown god.
   275 | D:1      | Reached XP level 3. HP: 30/30 MP: 2/2
   741 | D:2      | Reached skill level 5 in Ranged Weapons
  1207 | D:3      | Reached XP level 4. HP: 38/38 MP: 3/3
  1384 | D:3      | Found a basalt altar of Yredelemnul.
  1620 | D:3      | Found a glowing silver altar of Zin.
  2032 | D:4      | Reached skill level 1 in Short Blades
  2032 | D:4      | Reached XP level 5. HP: 45/45 MP: 4/4
  2293 | D:4      | Found a staircase to the Ecumenical Temple.
  2358 | D:3      | Identified the +4 spear of Sattuguc {flame, Will+}
  2752 | D:5      | Entered Level 5 of the Dungeon
  2774 | D:5      | Reached skill level 6 in Ranged Weapons
  2802 | D:5      | Reached XP level 6. HP: 44/52 MP: 2/5
  2838 | D:5      | Noticed an ice beast
  3160 | D:5      | Reached XP level 7. HP: 43/60 MP: 4/6
  3278 | D:5      | Reached skill level 7 in Ranged Weapons
  3290 | D:5      | Reached skill level 5 in Fighting
  3523 | Temple   | Entered the Ecumenical Temple
  3545 | Temple   | Became a worshipper of Hepliaklqana the Forgotten
  3849 | D:5      | Found a bloodstained altar of Trog.
  3849 | D:5      | Found an iron altar of Okawaru.
  4350 | D:6      | Reached XP level 8. HP: 69/69 MP: 7/7
  4528 | D:6      | Reached skill level 8 in Ranged Weapons
  4528 | D:6      | Reached skill level 5 in Dodging
  4528 | D:6      | Reached skill level 1 in Invocations
  4618 | D:6      | Found an ancient bone altar of Kikubaaqudgha.
  4619 | D:6      | Noticed Pikel
  4655 | D:6      | Reached skill level 1 in Evocations
  4838 | D:6      | Reached skill level 5 in Armour
  5059 | D:6      | Found a broken altar of Ashenzari.
  5195 | D:6      | Reached * piety under Hepliaklqana
  5255 | D:6      | Found a burning altar of Makhleb.
  5342 | D:7      | Noticed Menkaure
  5357 | D:7      | Killed Menkaure
  5455 | D:7      | Found a snail-covered altar of Cheibriados.
  5553 | D:7      | Reached XP level 9. HP: 57/71 MP: 6/9
  5605 | D:7      | Noticed Prince Ribbit
  5621 | D:7      | Killed Prince Ribbit
  5622 | D:7      | Reached skill level 9 in Ranged Weapons
  5963 | D:7      | Noticed a kobold demonologist
  5973 | D:7      | Noticed a hellwing
  5979 | D:7      | Noticed a sun demon
  5980 | D:7      | Killed a kobold demonologist
  6533 | D:6      | Found an ornate altar of the Wu Jian Council.
  6575 | D:8      | Reached skill level 10 in Ranged Weapons
  6755 | D:8      | Reached ** piety under Hepliaklqana
  6756 | D:8      | Remembered your ancestor Izel as a knight
  6798 | D:8      | Found a staircase to the Lair.
  7141 | D:8      | Found a shimmering blue altar of Sif Muna.
  7574 | D:9      | Noticed a two-headed ogre
  7582 | D:9      | Reached XP level 10. HP: 82/82 MP: 11/11
  7645 | D:8      | Paralysed by a hornet for 3 turns
  7835 | D:9      | Reached skill level 10 in Fighting
  7954 | D:9      | Reached skill level 11 in Ranged Weapons
  8167 | D:9      | Killed a two-headed ogre
  8546 | D:9      | You fall into a shaft and drop 3 floors!
  8551 | D:12     | Noticed a cyan ugly thing
  8556 | D:12     | Noticed a two-headed ogre
  8558 | D:12     | Noticed a cyan ugly thing
  8559 | D:12     | Killed a cyan ugly thing
  8578 | D:12     | Killed a cyan ugly thing
  8579 | D:12     | Reached skill level 12 in Ranged Weapons
  8586 | D:12     | Killed a two-headed ogre
  8951 | D:11     | Noticed a boulder beetle
  9006 | D:11     | Killed a boulder beetle
  9175 | D:11     | Reached XP level 11. HP: 77/94 MP: 12/12
  9192 | D:11     | Found a gate leading to a gauntlet.
  9201 | Gauntlet | Entered a Gauntlet
  9201 | Gauntlet | Found a transporter.
  9205 | Gauntlet | Noticed a ghost crab
  9226 | Gauntlet | Found a transporter.
  9227 | Gauntlet | Noticed a sixfirhy
  9230 | Gauntlet | Noticed a sixfirhy
  9233 | Gauntlet | Noticed a sixfirhy
  9244 | Gauntlet | Found a transporter.
  9246 | Gauntlet | Found a transporter.
  9263 | Gauntlet | Noticed a hell beast
  9266 | Gauntlet | Found a transporter.
  9279 | Gauntlet | Found a transporter.
  9284 | Gauntlet | Found a transporter.
  9288 | Gauntlet | Found a transporter.
  9290 | Gauntlet | Found a runed translucent door.
  9298 | Gauntlet | Noticed a quicksilver ooze
  9315 | Gauntlet | Noticed a great orb of eyes
  9316 | Gauntlet | Noticed a purple ugly thing
  9317 | Gauntlet | Found a transporter.
  9325 | Gauntlet | Found a transporter.
  9325 | Gauntlet | Found a transporter.
  9329 | Gauntlet | Noticed a balrug
  9333 | Gauntlet | Found a transporter.
  9360 | Gauntlet | Reached *** piety under Hepliaklqana
  9432 | Gauntlet | Identified the +1 cloak of the Vestibule of Hell {Will+
                  | Regen+ Dex+4}
  9491 | Gauntlet | Killed a great orb of eyes
  9492 | Gauntlet | Reached skill level 13 in Ranged Weapons
  9495 | Gauntlet | Killed a purple ugly thing
  9504 | Gauntlet | Identified the +0 helmet of Arcadian Satisfaction {Harm rC-
                  | Int+5 Dex+3}
  9541 | Gauntlet | Identified the ring of Xaunwebo {Int+4 Dex+6 SInv}
  9541 | Gauntlet | Noticed a minotaur
  9551 | Gauntlet | Killed a minotaur
  9630 | D:10     | Entered Level 10 of the Dungeon
  9631 | D:10     | Found Amoditew's Antique Armour Emporium.
  9780 | D:10     | Found a flagged portal.
  9818 | Bailey   | Entered a bailey
  9849 | Bailey   | Reached skill level 10 in Armour
  9939 | Bailey   | Reached skill level 14 in Ranged Weapons
 10044 | Bailey   | Noticed a vault guard
 10052 | Bailey   | Killed a vault guard
 10108 | Bailey   | Noticed a vault guard
 10115 | Bailey   | Killed a vault guard
 10803 | D:10     | Reached **** piety under Hepliaklqana
 11037 | D:10     | Reached skill level 15 in Fighting
 11037 | D:10     | Reached skill level 15 in Ranged Weapons
 11037 | D:10     | Reached XP level 12. HP: 92/107 MP: 10/13
 11144 | D:10     | Found an opulent altar of Gozag.
 11381 | D:11     | Noticed a two-headed ogre
 11387 | D:11     | Killed a two-headed ogre
 11397 | D:10     | Bought a fading cloak for 180 gold pieces
 11397 | D:10     | Identified the +1 cloak of the Spider Nest {Fly Regen+
                  | Str-3} (You bought it in a shop on level 10 of the Dungeon)
 11402 | D:10     | Bought a pair of runed gloves for 142 gold pieces
 11415 | D:10     | Bought a shiny scale mail for 133 gold pieces
 11882 | D:11     | Found a staircase to the Orcish Mines.
 12054 | D:12     | Noticed Fannar
 12054 | D:12     | Noticed a two-headed ogre
 12054 | D:12     | Noticed a two-headed ogre
 12063 | D:11     | Killed Fannar
 12093 | Orc:1    | Entered Level 1 of the Orcish Mines
 12371 | Orc:1    | Found Boph's Antique Weapon Shoppe.
 12372 | Orc:1    | Noticed Maurice
 12379 | Orc:1    | Noticed a two-headed ogre
 12394 | Orc:1    | Killed a two-headed ogre
 12457 | Orc:1    | Killed Maurice
 12502 | Orc:1    | Bought a shimmering great sword for 356 gold pieces
 12502 | Orc:1    | Identified the +5 great sword "Paxolam" {speed, *Noise rF+
                  | Int+4 Dex+8} (You bought it in a shop on level 1 of the
                  | Orcish Mines)
 12579 | Orc:1    | Found a shimmering altar of Xom.
 12708 | Orc:2    | Entered Level 2 of the Orcish Mines
 12708 | Orc:2    | Found a staircase to the Elven Halls.
 12720 | Orc:2    | Reached skill level 16 in Ranged Weapons
 12749 | Orc:2    | Reached skill level 1 in Long Blades
 12922 | Orc:2    | Reached ***** piety under Hepliaklqana
 13742 | Orc:2    | Noticed an orc high priest
 13752 | Orc:2    | Killed an orc high priest
 13755 | Orc:2    | Noticed an orc high priest
 13760 | Orc:2    | Noticed an orc high priest
 13958 | Orc:2    | Noticed Nessos
 14115 | Lair:1   | Entered Level 1 of the Lair of Beasts
 14147 | Lair:1   | Found a frozen archway.
 14168 | IceCv    | Entered an ice cave
 14183 | IceCv    | Identified a scroll of acquirement
 14183 | IceCv    | Acquired the amulet of the Harvest {Regen+ Dex+5 Stlth+}
 14250 | IceCv    | Reached XP level 13. HP: 101/116 MP: 14/14
 14579 | IceCv    | Noticed a reaper
 14582 | IceCv    | Killed a reaper
 14813 | Lair:1   | Reached skill level 17 in Ranged Weapons
 15704 | Lair:2   | Found a staircase to the Shoals.
 15756 | Lair:2   | Found a stormy altar of Qazlal.
 16004 | Lair:2   | Identified the +4 dagger of the Boiling Point {antimagic,
                  | rC+ rCorr}
 16631 | Lair:3   | Found a staircase to the Snake Pit.
 16907 | Lair:3   | Reached ****** piety under Hepliaklqana
 16938 | Lair:4   | Found a radiant altar of Vehumet.
 17054 | Lair:4   | You are sucked into a shaft and drop 1 floor!
 17054 | Lair:5   | Entered Level 5 of the Lair of Beasts
 17096 | Lair:4   | Reached skill level 18 in Ranged Weapons
 17121 | Lair:3   | Reached XP level 14. HP: 126/126 MP: 15/15
 17763 | Lair:5   | Found a staircase to the Slime Pits.
 17846 | Lair:5   | Learned a level 3 spell: Frozen Ramparts
 17997 | Lair:5   | Reached skill level 1 in Spellcasting
 18029 | Lair:5   | Acquired a +4 heavy triple crossbow
 18036 | Lair:5   | Reached skill level 1 in Ice Magic
 18607 | Lair:5   | Got the Atlas of Illusion
 18982 | Lair:5   | Identified the +8 glaive "Kile" {holy, Dex+5}
 19692 | D:6      | Killed Pikel
 19831 | Orc:2    | Killed Nessos
 20028 | Orc:2    | Found Ranir's Weapon Emporium.
 20031 | Orc:2    | Found Busyros's Armour Shoppe.
 20032 | Orc:2    | Found Beyr's Weapon Emporium.
 20033 | Orc:2    | Found Neitic's General Store.
 20208 | D:12     | Reached skill level 19 in Ranged Weapons
 20240 | D:12     | Reached XP level 15. HP: 133/133 MP: 17/17
 20886 | D:13     | Reached skill level 5 in Invocations
 20907 | D:13     | Noticed Josephine
 20909 | D:13     | Killed Josephine
 20910 | D:13     | Found Ifum's One-of-a-Kind Rings.
 21005 | D:13     | Noticed Snorg
 21008 | D:13     | Killed Snorg
 22384 | D:14     | Found a gate to the Vaults.
 22957 | D:14     | Acquired 1133 gold pieces
 23029 | D:15     | Entered Level 15 of the Dungeon
 23711 | D:15     | Found a staircase to the Depths.
 23718 | D:15     | Reached skill level 10 in Dodging
 24270 | Shoals:1 | Entered Level 1 of the Shoals
 24528 | Shoals:1 | Reached XP level 16. HP: 142/142 MP: 20/20
 25076 | Shoals:2 | Reached skill level 20 in Ranged Weapons
 25145 | Shoals:2 | Found Lotit's Antique Weapon Shoppe.
 26009 | Shoals:2 | Reached skill level 15 in Armour
 26163 | Shoals:3 | Found a runed translucent gate.
 26163 | Shoals:3 | Found a runed translucent gate.
 26163 | Shoals:3 | Found a runed translucent gate.
 26170 | Shoals:3 | Noticed Cuomazycy's ghost (adept FoWn)
 26171 | Shoals:3 | Found a transporter.
 26182 | Shoals:3 | Identified the amulet of Cuwir {Faith Str+6}
 26371 | Shoals:3 | Noticed a kraken
 26378 | Shoals:3 | Killed a kraken
 26428 | Shoals:3 | Found a transporter.
 26429 | Shoals:3 | Found the +2 cloak of the Thief {*Fog Slay-2 SInv Stlth+}
 26590 | Shoals:3 | Noticed a kraken
 26596 | Shoals:3 | Killed a kraken
 26597 | Shoals:3 | Reached skill level 5 in Ice Magic
 26777 | Shoals:3 | Killed Cuomazycy's ghost
 26791 | Shoals:3 | Identified the +0 pair of gloves of Anarchy {rC+}
 26813 | Shoals:4 | Entered Level 4 of the Shoals
 26923 | Shoals:4 | Identified the ring of Qusio {rF+ Stlth+}
 26946 | Shoals:4 | Reached skill level 5 in Spellcasting
 26995 | Shoals:4 | Reached skill level 21 in Ranged Weapons
 27624 | Shoals:4 | Identified the ring of Voeh {*Slow rC++ rCorr Str+2 Stlth+}
 27674 | Shoals:4 | Reached XP level 17. HP: 116/151 MP: 23/23
 27711 | Shoals:4 | Got a barnacled rune of Zot
 27953 | Snake:1  | Entered Level 1 of the Snake Pit
 27954 | Snake:1  | Noticed Aizul
 27964 | Snake:1  | Killed Aizul
 28036 | Snake:1  | Reached skill level 22 in Ranged Weapons
 28180 | Snake:1  | Found Cebof's Antique Weapon Shop.
 28295 | Snake:1  | Found Eliez's Distillery.
 28414 | Snake:1  | Found Exoet's General Store.
 28475 | Snake:1  | Found Ezohisch Wuko's Jewellery Shoppe.
 28495 | Snake:1  | Found Uzuarof's Assorted Antiques.
 28651 | Snake:1  | Identified the +4 whip of Cytiof {flame, rN+ Int-4 Dex+2}
 29120 | Snake:2  | Found a broken altar of Ashenzari.
 29132 | Snake:2  | Reached skill level 23 in Ranged Weapons
 29914 | Snake:2  | Got the Tome of the Floating Missiles
 30283 | Snake:3  | Reached XP level 18. HP: 160/160 MP: 24/24
 30318 | Snake:3  | Reached skill level 24 in Ranged Weapons
 31331 | Snake:4  | Entered Level 4 of the Snake Pit
 31622 | Snake:4  | Reached skill level 25 in Ranged Weapons
 31951 | Snake:4  | Got a serpentine rune of Zot
 32053 | Snake:4  | Reached skill level 26 in Ranged Weapons
 32654 | D:13     | Bought the ring "Ahiuby" {Ice rElec Slay+3} for 722 gold
                  | pieces
 32775 | Elf:1    | Entered Level 1 of the Elven Halls
 32986 | Elf:1    | Found a runed translucent gate.
 32986 | Elf:1    | Found a runed translucent gate.
 32986 | Elf:1    | Found a runed translucent gate.
 32986 | Elf:1    | Found a runed translucent gate.
 32986 | Elf:1    | Found a runed translucent gate.
 32986 | Elf:1    | Found a runed translucent gate.
 33398 | Elf:1    | Found Behasedo's Magic Scroll Boutique.
 33404 | Elf:1    | Bought a scroll of fear for 40 gold pieces
 33404 | Elf:1    | Bought a scroll of blinking for 75 gold pieces
 33447 | Elf:1    | Found a runed translucent gate.
 33447 | Elf:1    | Found a runed translucent gate.
 33447 | Elf:1    | Found a runed translucent gate.
 33448 | Elf:1    | Identified the +6 executioner's axe of the Weak God {flame,
                  | rC+ Will- Dex+5 Stlth+}
 33448 | Elf:1    | Identified the +5 ring mail of Too Many Cooks {rPois rF+
                  | rCorr MP-9}
 33451 | Elf:1    | Found an iron altar of Okawaru.
 33451 | Elf:1    | Noticed Zonian's ghost (adept VSBr)
 33654 | Elf:1    | Identified the +0 rapier "Cuchax" {vamp, rC+}
 33895 | Elf:1    | Reached XP level 19. HP: 166/166 MP: 25/25
 34396 | Elf:2    | Noticed Roxanne
 34423 | Elf:2    | Killed Roxanne
 35129 | Elf:2    | Found a runed translucent gate.
 35129 | Elf:2    | Found a runed translucent gate.
 35258 | Elf:2    | Found a runed translucent gate.
 35339 | Elf:3    | Entered Level 3 of the Elven Halls
 35414 | Elf:3    | Noticed Donald
 35419 | Elf:3    | Killed Donald
 35778 | Elf:3    | Found Pienuint's Magic Scroll Emporium.
 36426 | Elf:3    | Reached skill level 27 in Ranged Weapons
 36695 | Elf:3    | Identified the +1 robe of Shadows and Fog {Dex+2}
 36990 | Elf:3    | Identified the +3 battleaxe of Evisceration {drain, rElec}
 37140 | Elf:3    | Got the Teachings on Polluted Metal
 37181 | Elf:3    | Identified the +2 mace "Qemiz" {elec, *Noise rF+ Will++
                  | rCorr}
 37247 | Elf:3    | Got the Verses on Destruction
 37252 | Elf:3    | Identified the +0 ice dragon scales of Ewkiycim {rF- rC++
                  | Int+4}
 37646 | Depths:1 | Entered Level 1 of the Depths
 38320 | Depths:1 | Found Ubei's Book Boutique.
 38403 | Depths:1 | Found Eneuluid's Jewellery Emporium.
 38404 | Depths:1 | Found Ilesismug's Book Boutique.
 38555 | Depths:1 | Found a one-way gate to the infinite horrors of the Abyss.
 38700 | Depths:1 | Found a one-way gateway to a ziggurat.
 38807 | Depths:1 | Found a gateway to Hell.
 39337 | Vaults:1 | Entered Level 1 of the Vaults
 39432 | Vaults:1 | Reached XP level 20. HP: 178/178 MP: 28/28
 39623 | Vaults:1 | Noticed Nikola
 39628 | Vaults:1 | Killed Nikola
 39685 | Vaults:1 | Found Tadghokuz's Magic Scroll Boutique.
 40025 | Vaults:1 | Noticed Zenata
 41599 | Vaults:2 | Found a staircase to the Crypt.
 41790 | Vaults:2 | Identified the +4 quarterstaff "Igaej" {holy, *Rage Fly
                  | rPois rCorr}
 42269 | Vaults:2 | Found Neal's Book Boutique.
 43483 | Vaults:3 | Reached XP level 21. HP: 184/191 MP: 29/29
 43620 | Vaults:3 | Found Mufoipen's General Store.
 43642 | Vaults:3 | Found a magical portal.
 43769 | WizLab   | Entered Zonguldrok's Shrine
 44151 | WizLab   | Noticed an antique lich
 44158 | WizLab   | Killed an antique lich
 44164 | WizLab   | Got Lankolos's Reference Book on Lava
 44184 | WizLab   | Found the +9 sword of Zonguldrok {reap}
 46161 | Vaults:4 | Found Lostow's Magic Scroll Boutique.
 46872 | Vaults:5 | Entered Level 5 of the Vaults
 46875 | Vaults:5 | Noticed a dread lich
 46881 | Vaults:5 | Paralysed by an ogre mage for 2 turns
 46886 | Vaults:5 | Killed a dread lich
 46890 | Vaults:5 | Reached XP level 22. HP: 60/204 MP: 30/30
 47199 | Vaults:5 | Mangled by an ettin

Illustrated notes

Levels and vault maps discovered:
D:1:      mainiacjoe_arrival_reflecting_pool, layout_rooms,
          shapermc_ecumenical_altar_gd
D:2:      layout_basic, serial_undead, serial_undead_e, serial_undead_b,
          serial_undead_d, serial_undead_c, serial_undead_c, serial_undead_a
D:3:      minmay_octagon_keep, layout_basic, zin_scriptorium,
          mainiacjoe_overflow_tiny_flanked
D:4:      layout_loops_corners, minmay_temple_entry_from_below_b
D:5:      layout_basic, grunt_temple_overflow_bloody_war, minmay_manual_moon
D:6:      layout_loops_corners, mainiacjoe_overflow_concentric_impassable,
          nicolae_overflow_hidden_temple, uniq_pikel
D:7:      layout_loops_ring, cheibriados_altar_1, minmay_small_thing,
          uniq_menkaure, uniq_prince_ribbit1
D:8:      layout_loops_cross, kennysheep_mini_moat, dpeg_oklobed_lair,
          serial_rivers, chequers_serial_rivers_small_3,
          chequers_serial_rivers_micro_e, chequers_serial_rivers_small_a,
          chequers_serial_rivers_micro_c
D:9:      layout_roguey
D:10:     layout_long_grid, overflow_temple_1_default, serial_shops,
          nicolae_take_the_stairs, enter_bailey_3, st_stairs_13
D:11:     layout_irregular_city, orc_0_dummy, gauntlet_entry_generic,
          serial_column_ruins, column_ruins_hut, column_ruins_hut,
          column_ruins_open_tiny, column_ruins_grid_3, column_ruins_grid_2,
          column_ruins_grid_1
D:12:     layout_loops_ring, minivault_8, uniq_fannar
D:13:     layout_basic, nicolae_shop_unique_rings, hangedman_decor_push,
          interstate_on_off, uniq_snorg, uniq_josephine
D:14:     layout_layer_cave, david_vaults_5, serial_co_window_serial,
          co_window_of_opportunity_a, co_window_of_opportunity_a,
          co_window_corner_a, co_window_paths_b, co_window_paths_a,
          co_window_cross_3, co_window_broadway_b, co_window_corner_b,
          co_window_paths_c, co_window_broadway_a, co_window_paths_c,
          co_window_corner_b, co_window_paths_d, glass_columns_a,
          glass_columns_c, glass_columns_c, glass_columns_b, glass_columns_a
D:15:     hangedman_depths_entry_try_elsewhere_first, layout_loops_corners,
          minmay_door_square, nicolae_kite_square_tiling_tiny, grunt_tough_drop
Temple:   nicolae_temple_bog_church
Lair:1:   layout_roguey, portal_ice_cave_entry_imps,
          grunt_forest_large_clearings, infiniplex_staircase_pool_2
Lair:2:   layout_long_grid, nicolae_shoals_entry_roost, lemuel_centaur_altar,
          grunt_megastairs_5
Lair:3:   layout_regular_city, dummy_snake_entry, serial_bayou_pond_d,
          kennysheep_catoblepas_arena
Lair:4:   layout_long_grid, basic_altar, minmay_hedge_maze
Lair:5:   due_jungle_book, layout_loops_ring, slime_entry_1
Shoals:1: layout_shoals, nicolae_shoals_drake_roost
Shoals:2: layout_shoals, serial_shops, nicolae_shop_stone,
          nicolae_shoals_lost_giant_amphitheater
Shoals:3: gammafunk_sealed_arena, layout_shoals, gammafunk_ghost_necromancy,
          nicolae_shoals_so_close
Shoals:4: shoals_end_simple, layout_shoals, nicolae_shoals_this_corrosion
Snake:1:  layout_onion, serial_shops, shop_statue,
          nicolae_shop_advertising_works [nicolae_subvault_shop_adworks],
          nicolae_diamond_shop, nicolae_shop_waterfront, shop_fountains,
          grunt_megastairs_2, uniq_aizul
Snake:2:  kennysheep_snake, layout_layer_cave, basic_altar
Snake:3:  layout_chambers, grunt_megastairs_1, lemuel_fruit_tree
Snake:4:  minmay_snake_end_coiled, layout_rooms, grunt_ministairs_2,
          nicolae_snake_salamander_zone
Orc:1:    layout_caves, basic_altar, serial_shops, shop, uniq_maurice
Orc:2:    st_orc_pillars, layout_caves, uniq_nessos
Elf:1:    nicolae_elf_arrival_no_cutting_in_line, layout_loops_corners,
          serial_shops, shop, gammafunk_ghost_fury_of_okawaru, orc_legates
Elf:2:    elven_hall_of_blades_hangedman_original [nicolae_blade_bullseye],
          layout_onion_city, uniq_louise, uniq_roxanne
Elf:3:    minmay_elf_hall_dome, layout_onion_city, serial_shops, shop,
          uniq_donald
Vaults:1: hangedman_vaults_river_flow, grunt_vaults_twisty,
          nicolae_vaults_asterisk, hangedman_vaults_nails,
          hangedman_vaults_locks, st_diamondy, hangedman_vaults_stagger,
          grunt_vaults_hallway_short, vaults_dpeg_ring, layout_vaults_quadrants,
          serial_shops, nicolae_shop_stone, uniq_zenata, uniq_nikola
Vaults:2: vaults_dpeg_hooks, grunt_vaults_bifocal, vaults_room_semicircle,
          v_misc_22, nicolae_vaults_good_morning_starshine,
          nicolae_vaults_ninety_degrees, vaults_room_grunt_arrival_ludios,
          vaults_room_semicircle, ontoclasm_vaults_loading_screen,
          hangedman_vaults_stitches, vaults_mumra_chevron,
          layout_vaults_omnibox, dummy_crypt_entry, serial_shops, shop
Vaults:3: lightli_enter_wizlab_magi_temple, hangedman_vaults_restitches,
          ontoclasm_vaults_ligature, hangedman_vaults_unwind,
          grunt_vaults_focal, ontoclasm_vaults_gateway, grunt_vaults_funnel,
          nicolae_vaults_little_squares_1, nicolae_vaults_network_s, st_check,
          grunt_vaults_swirl, nicolae_vaults_triangles, v_misc_25,
          layout_vaults_maze_bifur, serial_shops, shop
Vaults:4: v_misc_1, hangedman_vaults_capsules, vaults_room_large_hall,
          vaults_dpeg_cross, vaults_mumra_hexcomb,
          hangedman_vaults_corner_blocks, ontoclasm_vaults_twist,
          vaults_room_hallway, layout_vaults_chaotic_city, serial_shops,
          shop_statue
Vaults:5: serial_shops
Depths:1: layout_gridlike, enter_ziggurat_a, hell_entry, nicolae_lava_and_water,
          minmay_room_of_horrors, kennysheep_small_circle, minmay_shop_grove
Depths:2: lemuel_troll_bridge, layout_basic, pan_entry, minmay_misc_feat_five,
          hell_entry, abyss_entry_glasseish, serial_bayou_shore_b,
          infiniplex_staircase_pillars_1

Skill      XL: |  1  2  3  4  5  6  7  8  9 10 11 12 13 14 15 16 17 18 19 20 21 |
---------------+----------------------------------------------------------------+-----
Stealth        | 1 |  1.0
Armour         | 1 2 3 4 5 7 9 10 11 13 14 15 17 19 22 | 22.2
Fighting       | 3 4 5 7 9 12 15 16 17 18 19 20 21 23 25 | 25.7
Ranged Weapons | 5 6 7 8 10 12 15 16 18 19 21 23 26 27 | 27.0
Dodging        | 3 4 5 6 8 9 10 | 10.0
Short Blades   | 1 |  1.0
Invocations    | 2 3 4 6 7 |  7.0
Evocations     | 2 3 |  3.0
Long Blades    | 3 4 |  4.9
Spellcasting   | 2 3 5 6 |  6.0
Ice Magic      | 2 4 5 6 |  6.0

Action                   |  1- 3 |  4- 6 |  7- 9 | 10-12 | 13-15 | 16-18 | 19-21 | 22-24 || total
-------------------------+-------+-------+-------+-------+-------+-------+-------+-------++-------
Melee: Shortbow          |       |       |       |     3 |       |       |       |       ||     3
       Headbutt          |       |       |       |     1 |       |       |       |       ||     1
 Fire: Shortbow          |    94 |   170 |   376 |   779 |       |       |       |       ||  1419
       Longbow           |       |       |       |     9 |    38 |       |       |       ||    47
       Arbalest          |       |       |       |       |   787 |  1076 |   911 |    13 ||  2787
       Triple crossbow   |       |       |       |       |       |    24 |   108 |       ||   132
 Cast: Frozen Ramparts   |       |       |       |       |     1 |       |       |       ||     1
Invok: Ancestor Life: Kn |       |       |     1 |       |       |       |       |       ||     1
       Recall Ancestor   |       |       |       |     7 |     3 |       |     2 |     2 ||    14
Evoke: Wand              |       |       |       |     7 |     1 |       |       |     1 ||     9
       Condenser vane    |       |       |       |     1 |       |       |     1 |       ||     2
       Box of beasts     |       |       |       |     1 |       |       |       |       ||     1
       Phantom mirror    |       |       |       |       |       |       |     1 |       ||     1
  Use: Scroll            |       |     6 |     3 |    28 |     6 |     9 |    10 |     5 ||    67
       Potion            |       |       |     1 |     6 |       |     3 |     4 |     2 ||    16
Armor: Leather armour    |     6 |       |    15 |    19 |       |       |       |       ||    40
       Ring mail         |     1 |    35 |    19 |     4 |       |       |       |       ||    59
       Scale mail        |       |       |    48 |     2 |       |       |       |       ||    50
       Plate armour      |       |       |       |    69 |       |       |       |       ||    69
       Acid dragon scale |       |       |       |    25 |    67 |    89 |       |       ||   181
       Robe              |       |       |       |       |     6 |       |       |       ||     6
       Fire dragon scale |       |       |       |       |       |    20 |   146 |     7 ||   173
Dodge: Dodged            |    33 |    47 |    94 |   167 |   196 |   294 |   250 |    14 ||  1095
Block: Other             |       |       |       |       |       |     6 |    63 |       ||    69
       Reflection        |       |       |       |       |       |     1 |     4 |       ||     5

Table legend: (Time is in decaauts)
 A = Elapsed time spent in this place.
 B = Non-inter-level travel time spent in this place.
 C = Inter-level travel time spent in this place.
 D = Time resting spent in this place.
 E = Time spent auto-exploring this place.
 F = Levels seen in this place.
 G = Mean time per level.
                   A        B        C        D        E       F      G
               +--------+--------+--------+--------+--------+-----+--------+
         Total |  47605 |  43707 |   3898 |   6657 |  27983 |  45 | 1057.9 |
       Dungeon |  16824 |  14453 |   2371 |   1447 |  10194 |  15 | 1121.6 |
        Temple |    169 |    165 |      4 |      0 |    147 |   1 |  169.0 |
          Lair |   4816 |   4437 |    379 |    461 |   3152 |   5 |  963.2 |
        Shoals |   3675 |   3512 |    163 |    207 |   2474 |   4 |  918.8 |
     Snake Pit |   4554 |   4324 |    230 |    320 |   3121 |   4 | 1138.5 |
  Orcish Mines |   2104 |   1943 |    161 |    717 |    729 |   2 | 1052.0 |
   Elven Halls |   4684 |   4306 |    378 |   1219 |   2292 |   3 | 1561.3 |
        Vaults |   7472 |   7277 |    195 |   1250 |   4829 |   5 | 1494.4 |
        Depths |   1256 |   1242 |     14 |    427 |    615 |   2 |  628.0 |
        Bailey |    575 |    575 |      0 |    295 |     75 |   1 |  575.0 |
      Ice Cave |    528 |    528 |      0 |    165 |    110 |   1 |  528.0 |
        Wizlab |    521 |    521 |      0 |     60 |     52 |   1 |  521.0 |
      Gauntlet |    423 |    423 |      0 |     87 |    192 |   1 |  423.0 |
               +--------+--------+--------+--------+--------+-----+--------+

Top non-repeatable levels by time:
Vaults:2: 2387 daAuts
Vaults:1: 1788 daAuts
Vaults:4: 1788 daAuts
   Elf:3: 1787 daAuts
   Elf:1: 1705 daAuts
  Lair:5: 1553 daAuts
    D:14: 1468 daAuts
Vaults:3: 1465 daAuts
    D:15: 1445 daAuts
 Snake:2: 1445 daAuts
     D:7: 1397 daAuts
    D:11: 1382 daAuts
     D:8: 1321 daAuts
   Orc:2: 1266 daAuts
     D:5: 1255 daAuts
